[ AOE2 MATCH · #489602430 ]
UnrankedMaya vs Persians
Player's team · WIN
Rival team · LOSS
[ REPLAY ANALYSIS · EXTRACTED FROM THE RECORDED GAME ]
Feudal
14:55
Castle
18:35
Imperial
—
| APM avg | 37.5 |
| APM peak | 86 |
| eAPM avg | 14.7 |
| Villagers / military | 40 / 35 |
Focus
⚔️ 42.2% · 🌾 57.8%
Archer ×30 · Militia ×5
Feudal
8:39
Castle
22:47
Imperial
—
| APM avg | 53.4 |
| APM peak | 90 |
| eAPM avg | 19.9 |
| Villagers / military | 43 / 18 |
Focus
⚔️ 19.4% · 🌾 80.6%
Archer ×10 · Skirmisher ×8
Match map
Initial resources + every placement click. Lines = walls · curves = elevation contours. ◆ gold · ⬟ stone · ● berries · ✦ relic · ◌ wall gap
Your base· ✓ Closed at 18:35 · 106t walls · no gate
ARipoll's base· ✓ Closed at 22:47 · 81t walls · no gate
Smoothed initial terrain · ◌ = detected wall gap · hover for details
Inputs per minute
— DS_Gitano Urbano - - ARipoll
Build order — DS_Gitano Urbano
138 actions detected in the replay
| 0:00 | Research | Loom |
| 0:03 | Build | House |
| 0:05 | Build | House |
| 0:22 | Create | Villager (Male) |
| 0:24 | Create | Villager (Male) |
| 0:24 | Create | Villager (Male) |
| 1:29 | Create | Villager (Male) |
| 1:45 | Build | Lumber Camp |
| 1:50 | Create | Villager (Male) |
| 2:20 | Create | Villager (Male) |
| 2:45 | Create | Villager (Male) |
| 2:45 | Create | Villager (Male) |
| 3:43 | Create | Villager (Male) |
| 3:44 | Create | Villager (Male) |
| 3:44 | Create | Villager (Male) |
| 4:13 | Build | House |
| 4:23 | Create | Villager (Male) |
| 4:45 | Build | House |
| 4:48 | Create | Villager (Male) |
| 5:11 | Build | Barracks |
| 5:24 | Create | Villager (Male) |
| 5:31 | Create | Villager (Male) |
| 5:57 | Create | Villager (Male) |
| 6:06 | Create | Militia |
| 6:06 | Create | Militia |
| 6:07 | Create | Militia |
| 6:10 | Create | Militia |
| 6:26 | Build | Mining Camp |
| 6:28 | Create | Villager (Male) |
| 6:58 | Build | House |
| 7:02 | Build | Palisade Wall |
| 7:04 | Build | Palisade Wall |
| 7:06 | Build | Palisade Wall |
| 7:07 | Create | Villager (Male) |
| 7:15 | Build | House |
| 7:18 | Build | Palisade Wall |
| 7:21 | Create | Villager (Male) |
| 8:04 | Create | Villager (Male) |
| 8:18 | Create | Militia |
| 8:24 | Create | Villager (Male) |
| 8:29 | Build | House |
| 8:30 | Build | Palisade Wall |
| 8:51 | Create | Villager (Male) |
| 8:57 | Build | Palisade Wall |
| 9:11 | Create | Villager (Male) |
| 9:17 | Build | House |
| 9:19 | Build | Palisade Wall |
| 9:21 | Build | Palisade Wall |
| 9:23 | Create | Villager (Male) |
| 9:30 | Build | Mill |
| 10:11 | Create | Villager (Male) |
| 10:25 | Build | Palisade Wall |
| 10:28 | Build | Palisade Wall |
| 10:35 | Build | Palisade Wall |
| 10:37 | Build | Palisade Wall |
| 10:38 | Create | Villager (Male) |
| 10:50 | Create | Villager (Male) |
| 10:59 | Build | Palisade Wall |
| 11:01 | Create | Villager (Male) |
| 11:11 | Build | Palisade Wall |
| 11:14 | Build | Palisade Wall |
| 11:17 | Create | Villager (Male) |
| 11:24 | Build | Farm |
| 11:32 | Build | Farm |
| 11:32 | Build | Farm |
| 11:32 | Build | Farm |
| 11:33 | Build | Farm |
| 11:33 | Build | Farm |
| 11:34 | Build | Farm |
| 11:35 | Build | Farm |
| 12:20 | Create | Villager (Male) |
| 12:32 | Build | Lumber Camp |
| 12:45 | Research | Feudal Age |
| 14:29 | Create | Villager (Male) |
| 14:29 | Create | Villager (Male) |
| 14:55 | Age | Feudal Age |
| 14:59 | Build | Market |
| 15:02 | Build | Blacksmith |
| 15:19 | Research | Town Watch |
| 15:55 | Research | Castle Age |
| 16:03 | Research | Double-Bit Axe |
| 16:10 | Build | Archery Range |
| 16:12 | Build | Archery Range |
| 16:23 | Build | House |
| 16:29 | Build | House |
| 16:32 | Build | House |
| 16:36 | Research | Gold Mining |
| 16:48 | Research | Fletching |
| 16:56 | Create | Archer |
| 16:56 | Create | Archer |
| 16:56 | Create | Archer |
| 16:58 | Create | Archer |
| 17:24 | Create | Archer |
| 17:49 | Build | Archery Range |
| 17:54 | Create | Archer |
| 18:13 | Create | Archer |
| 18:16 | Create | Archer |
| 18:28 | Create | Villager (Male) |
| 18:35 | Age | Castle Age |
| 18:43 | Research | Bodkin Arrow |
| 18:50 | Research | Crossbowman (upgrade) |
| 18:51 | Create | Archer |
| 18:51 | Create | Archer |
| 19:07 | Create | Archer |
| 19:07 | Create | Archer |
| 19:18 | Create | Villager (Male) |
| 19:25 | Create | Archer |
| 19:44 | Create | Archer |
| 19:44 | Create | Archer |
| 20:01 | Create | Villager (Male) |
| 20:02 | Create | Villager (Male) |
| 20:06 | Create | Archer ×4 |
| 20:30 | Build | House |
| 20:41 | Create | Villager (Male) |
| 21:02 | Build | Farm |
| 21:02 | Build | Farm |
| 21:02 | Build | Farm |
| 21:07 | Build | Farm |
| 21:18 | Create | Archer |
| 21:18 | Create | Archer |
| 21:19 | Create | Archer |
| 21:28 | Build | House |
| 21:30 | Build | House |
| 21:39 | Build | Farm |
| 21:40 | Build | Farm |
| 21:40 | Build | Farm |
| 21:59 | Create | Archer |
| 22:00 | Create | Archer |
| 22:03 | Create | Archer |
| 22:03 | Create | Archer |
| 22:16 | Create | Villager (Male) |
| 22:21 | Create | Archer |
| 22:22 | Create | Archer |
| 22:23 | Create | Villager (Male) |
| 22:45 | Research | Man-at-Arms (upgrade) |
| 22:53 | Create | Villager (Male) |
| 22:59 | Create | Archer |
| 22:59 | Create | Archer |
Build order — ARipoll
First 150 of 151 actions detected
| 0:00 | Create | Villager (Male) |
| 0:01 | Create | Villager (Male) |
| 0:02 | Build | House |
| 0:03 | Build | House |
| 0:13 | Create | Villager (Male) |
| 0:13 | Create | Villager (Male) |
| 0:16 | Create | Villager (Male) |
| 1:27 | Create | Villager (Male) |
| 1:50 | Build | Lumber Camp |
| 1:59 | Create | Villager (Male) |
| 2:14 | Create | Villager (Male) |
| 2:56 | Create | Villager (Male) |
| 3:29 | Create | Villager (Male) |
| 3:54 | Build | House |
| 4:04 | Create | Villager (Male) |
| 4:04 | Create | Villager (Male) |
| 4:05 | Create | Villager (Male) |
| 4:41 | Build | Mill |
| 4:54 | Build | Mill |
| 4:57 | Create | Villager (Male) |
| 4:59 | Create | Villager (Male) |
| 5:40 | Create | Villager (Male) |
| 6:08 | Research | Loom |
| 6:36 | Research | Feudal Age |
| 7:07 | Build | Barracks |
| 7:20 | Build | Palisade Wall |
| 7:37 | Build | House |
| 7:48 | Build | Palisade Wall |
| 7:50 | Build | Palisade Wall |
| 7:51 | Build | Palisade Wall |
| 8:15 | Build | Palisade Wall |
| 8:18 | Build | Palisade Wall |
| 8:24 | Build | Palisade Wall |
| 8:38 | Build | Barracks |
| 8:39 | Age | Feudal Age |
| 8:46 | Create | Villager (Male) |
| 8:47 | Create | Villager (Male) |
| 8:56 | Build | House |
| 9:00 | Build | Palisade Wall |
| 9:12 | Build | House |
| 9:27 | Build | Mining Camp |
| 9:28 | Create | Villager (Male) |
| 9:39 | Create | Villager (Male) |
| 9:50 | Build | House |
| 9:51 | Build | Palisade Wall |
| 10:11 | Build | Palisade Wall |
| 10:16 | Build | Farm |
| 10:23 | Build | Archery Range |
| 10:38 | Build | Farm |
| 10:46 | Create | Villager (Male) |
| 11:02 | Create | Archer |
| 11:02 | Create | Archer |
| 11:06 | Build | Farm |
| 11:09 | Create | Villager (Male) |
| 11:16 | Create | Villager (Male) |
| 11:25 | Build | Farm |
| 11:32 | Research | Double-Bit Axe |
| 11:36 | Create | Archer |
| 11:36 | Create | Archer |
| 11:53 | Build | Palisade Wall |
| 11:55 | Build | Palisade Wall |
| 11:59 | Create | Archer |
| 11:59 | Create | Villager (Male) |
| 12:01 | Build | Farm |
| 12:02 | Build | Farm |
| 12:09 | Create | Villager (Male) |
| 12:18 | Build | Farm |
| 12:20 | Build | Farm |
| 12:33 | Create | Villager (Male) |
| 12:38 | Build | Lumber Camp |
| 12:44 | Build | Lumber Camp |
| 12:56 | Create | Villager (Male) |
| 13:07 | Build | Farm |
| 13:08 | Build | Farm |
| 13:09 | Create | Skirmisher |
| 13:10 | Create | Skirmisher |
| 13:21 | Build | House |
| 13:30 | Create | Villager (Male) |
| 13:36 | Create | Skirmisher |
| 13:43 | Build | House |
| 13:48 | Build | Palisade Wall |
| 13:54 | Create | Villager (Male) |
| 14:00 | Create | Villager (Male) |
| 14:11 | Build | Watch Tower |
| 14:16 | Create | Archer |
| 14:32 | Build | Farm |
| 14:35 | Create | Archer |
| 14:51 | Create | Villager (Male) |
| 14:52 | Create | Villager (Male) |
| 15:01 | Build | Blacksmith |
| 15:15 | Build | Watch Tower |
| 15:24 | Build | Watch Tower |
| 15:26 | Create | Archer |
| 15:27 | Create | Villager (Male) |
| 15:29 | Build | House |
| 15:34 | Build | Palisade Wall |
| 15:41 | Create | Villager (Male) |
| 15:41 | Create | Villager (Male) |
| 15:41 | Create | Archer |
| 15:48 | Create | Villager (Male) |
| 15:54 | Build | House |
| 15:56 | Build | Palisade Wall |
| 16:01 | Research | Fletching |
| 16:01 | Research | Fletching |
| 16:09 | Create | Archer |
| 16:37 | Create | Villager (Male) |
| 16:47 | Build | House |
| 16:47 | Create | Villager (Male) |
| 16:50 | Build | Farm |
| 16:50 | Build | Farm |
| 16:50 | Build | Farm |
| 16:50 | Build | Farm |
| 16:50 | Build | Farm |
| 17:14 | Build | Mining Camp |
| 17:22 | Build | Mining Camp |
| 17:29 | Create | Skirmisher |
| 17:35 | Create | Villager (Male) |
| 18:14 | Create | Villager (Male) |
| 18:16 | Build | House |
| 18:18 | Build | Palisade Wall |
| 18:39 | Build | Watch Tower |
| 18:52 | Build | Market |
| 19:32 | Create | Villager (Male) |
| 19:40 | Create | Villager (Male) |
| 20:06 | Build | Palisade Wall |
| 20:07 | Build | Palisade Wall |
| 20:09 | Build | Palisade Wall |
| 20:10 | Build | Palisade Wall |
| 20:15 | Create | Skirmisher |
| 20:22 | Research | Castle Age |
| 20:33 | Build | House |
| 20:35 | Build | Palisade Wall |
| 20:41 | Build | House |
| 20:43 | Build | Palisade Wall |
| 20:56 | Create | Skirmisher |
| 20:58 | Research | Padded Archer Armor |
| 21:19 | Build | House |
| 21:20 | Build | House |
| 21:25 | Build | House |
| 21:33 | Build | Palisade Wall |
| 21:37 | Create | Villager (Male) |
| 21:43 | Build | Archery Range |
| 21:52 | Build | Farm |
| 21:52 | Build | Farm |
| 21:52 | Build | Farm |
| 21:53 | Build | House |
| 22:17 | Build | House |
| 22:34 | Create | Skirmisher |
| 22:37 | Create | Skirmisher |
| 22:47 | Age | Castle Age |
Match timeline
| 5:11 | DS_Gitano Urbano · first_building Barracks |
| 7:02 | DS_Gitano Urbano · wall_segment Palisade Wall x5 |
| 7:04 | DS_Gitano Urbano · wall_segment Palisade Wall x12 |
| 7:06 | DS_Gitano Urbano · wall_segment Palisade Wall x6 |
| 7:07 | ARipoll · first_building Barracks |
| 7:18 | DS_Gitano Urbano · wall_segment Palisade Wall x13 |
| 7:20 | ARipoll · wall_segment Palisade Wall x5 |
| 7:48 | ARipoll · wall_segment Palisade Wall x1 |
| 7:50 | ARipoll · wall_segment Palisade Wall x1 |
| 7:51 | ARipoll · wall_segment Palisade Wall x1 |
| 8:15 | ARipoll · wall_segment Palisade Wall x1 |
| 8:18 | ARipoll · wall_segment Palisade Wall x1 |
| 8:24 | ARipoll · wall_segment Palisade Wall x1 |
| 8:30 | DS_Gitano Urbano · wall_segment Palisade Wall x7 |
| 8:39 | ARipoll · age_up feudal |
| 8:57 | DS_Gitano Urbano · wall_segment Palisade Wall x9 |
| 9:00 | ARipoll · wall_segment Palisade Wall x1 |
| 9:19 | DS_Gitano Urbano · wall_segment Palisade Wall x9 |
| 9:21 | DS_Gitano Urbano · wall_segment Palisade Wall x7 |
| 9:51 | ARipoll · wall_segment Palisade Wall x1 |
| 10:11 | ARipoll · wall_segment Palisade Wall x1 |
| 10:23 | ARipoll · first_building Archery Range |
| 10:25 | DS_Gitano Urbano · wall_segment Palisade Wall x3 |
| 10:28 | DS_Gitano Urbano · wall_segment Palisade Wall x7 |
| 10:35 | DS_Gitano Urbano · wall_segment Palisade Wall x3 |
| 10:37 | DS_Gitano Urbano · wall_segment Palisade Wall x8 |
| 10:59 | DS_Gitano Urbano · wall_segment Palisade Wall x13 |
| 11:11 | DS_Gitano Urbano · wall_segment Palisade Wall x4 |
| 11:14 | DS_Gitano Urbano · wall_segment Palisade Wall x12 |
| 11:53 | ARipoll · wall_segment Palisade Wall x1 |
| 11:55 | ARipoll · wall_segment Palisade Wall x1 |
| 13:48 | ARipoll · wall_segment Palisade Wall x16 |
| 14:55 | DS_Gitano Urbano · age_up feudal |
| 15:34 | ARipoll · wall_segment Palisade Wall x6 |
| 15:56 | ARipoll · wall_segment Palisade Wall x8 |
| 16:10 | DS_Gitano Urbano · first_building Archery Range |
| 18:18 | ARipoll · wall_segment Palisade Wall x13 |
| 18:35 | DS_Gitano Urbano · age_up castle |
| 18:41 | DS_Gitano Urbano · first_market_sell 100 stone |
| 20:06 | ARipoll · wall_segment Palisade Wall x3 |
| 20:07 | ARipoll · wall_segment Palisade Wall x2 |
| 20:09 | ARipoll · wall_segment Palisade Wall x2 |
| 20:10 | ARipoll · wall_segment Palisade Wall x1 |
| 20:19 | ARipoll · first_market_buy 100 food |
| 20:35 | ARipoll · wall_segment Palisade Wall x1 |
| 20:43 | ARipoll · wall_segment Palisade Wall x12 |
| 21:33 | ARipoll · wall_segment Palisade Wall x1 |
| 22:47 | ARipoll · age_up castle |
| 23:02 | ARipoll · resign |
[ AI ANALYSIS · 1 CREDIT ]
What really happened in this match?
Wolo.gg analyzes every decision: build order, eco, micro, common mistakes by bracket. Personalized analysis on WhatsApp or Discord in 30 seconds.
Civ guide
Maya
Perfil
Jugador #352739